MLB
SAN DIEGO PADRES @ SEATTLE MARINERS
04/11/2099
 
TOP OF THE 1ST
San Diego Padres batting - Pitching for Seattle Mariners : LHP Aaron Doyle
Pitching: LHP Aaron Doyle
Batting: RHB Alfredo Beltran 0-0: Swinging Strike
0-1: Fly out, F9 (Flyball, 9, EV 90.0 MPH)
Batting: RHB Maxwell Judson 0-0: Foul Ball, location: 3DF
0-1: Ground out 6-3 (Groundball, P, EV 80.6 MPH)
Batting: RHB Jose Barillas 0-0: Foul Ball, location: 9LSF
0-1: Ball
1-1: Swinging Strike
1-2: SINGLE (Groundball, 56S, EV 68.1 MPH) (infield hit)
Batting: RHB Chris Santos 0-0: Called Strike
0-1: Called Strike
0-2: Ball
1-2: Ball
2-2: Ball
3-2: Foul Ball, location: 9LDF
3-2: Strikes out swinging
Top of the 1st over - 0 runs, 1 hit, 0 errors, 1 left on base; San Diego 0 - Seattle 0
BOTTOM OF THE 1ST
Seattle Mariners batting - Pitching for San Diego Padres : LHP Robert Bartos
Pitching: LHP Robert Bartos
Batting: LHB Juan Aranda 0-0: Ball
1-0: Ground out 6-3 (Groundball, 6, EV 83.1 MPH)
Batting: RHB Jaime Callahan 0-0: Ground out 5-3 (Groundball, 56, EV 101.3 MPH)
Batting: SHB John Brownfield 0-0: Called Strike
0-1: Foul Ball, location: 5F
0-2: Ball
1-2: Fly out, F5 (Popup, 5F, EV 80.6 MPH)
Bottom of the 1st over - 0 runs, 0 hits, 0 errors, 0 left on base; San Diego 0 - Seattle 0
TOP OF THE 2ND
San Diego Padres batting - Pitching for Seattle Mariners : LHP Aaron Doyle
Batting: RHB Tony Woody 0-0: Foul Ball, location: 5FF
0-1: Ball
1-1: Swinging Strike
1-2: Fly out, F8 (Flyball, 8RS, EV 93.1 MPH)
Batting: RHB John Ballard 0-0: Ball
1-0: Ball
2-0: Ball
3-0: Called Strike
3-1: Called Strike
3-2: Base on Balls
Pitching: RHP Brad Thomas
Batting: LHB Joel Sherlock 0-0: Ball
1-0: SINGLE (Groundball, 34D, EV 95.6 MPH)
John Ballard to second
Runner from 2nd tries for 3rd, SAFE, no throw by RF
Batting: RHB Colby Krant 0-0: Called Strike
0-1: Hit by Pitch
Joel Sherlock to second
Batting: RHB Avery Thomas 0-0: Called Strike
0-1: Ball
1-1: DOUBLE (Line Drive, 78D, EV 105.6 MPH)
John Ballard scores
Joel Sherlock scores
Colby Krant to third
Runner from 3rd tries for Home, SAFE, no throw by LF
Batting: RHB Alfredo Beltran 0-0: SINGLE (Line Drive, 78S, EV 102.5 MPH)
Avery Thomas to third
Runner from 3rd tries for Home, SAFE, throw by LF to home
Batting: RHB Maxwell Judson 0-0: Swinging Strike
0-1: Ball
1-1: SINGLE (Line Drive, 7S, EV 101.9 MPH)
Alfredo Beltran to second
Batting: RHB Jose Barillas 0-0: Grounds into double play, 6-4-3 (Groundball, 6, EV 88.8 MPH)
Top of the 2nd over - 4 runs, 4 hits, 0 errors, 1 left on base; San Diego 4 - Seattle 0
BOTTOM OF THE 2ND
Seattle Mariners batting - Pitching for San Diego Padres : LHP Robert Bartos
Batting: RHB Ron Stephenson 0-0: Ball
1-0: Swinging Strike
1-1: Called Strike
1-2: Fly out, F8 (Flyball, 8RXD, EV 106.9 MPH)
Batting: RHB Joe Weber 0-0: Ball
1-0: Foul Ball, location: 5DF
1-1: Swinging Strike
1-2: Fly out, F9 (Flyball, 9LD, EV 92.5 MPH)
Batting: RHB Jonathan Becktell 0-0: Called Strike
0-1: Ball
1-1: SINGLE (Groundball, 4MD, EV 98.1 MPH)
Batting: RHB Kenny Dahl 0-0: Ball
1-0: Swinging Strike
1-1: Foul Ball, location: 3F
1-2: Strikes out swinging
Bottom of the 2nd over - 0 runs, 1 hit, 0 errors, 1 left on base; San Diego 4 - Seattle 0
TOP OF THE 3RD
San Diego Padres batting - Pitching for Seattle Mariners : RHP Brad Thomas
Batting: RHB Chris Santos 0-0: Fly out, F8 (Flyball, 8RXD, EV 95.6 MPH)
Batting: RHB Tony Woody 0-0: Ball
1-0: Fly out, F8 (Line Drive, 8RM, EV 106.9 MPH)
Batting: RHB John Ballard 0-0: Swinging Strike
0-1: Called Strike
0-2: Ball
1-2: Strikes out looking
Top of the 3rd over - 0 runs, 0 hits, 0 errors, 0 left on base; San Diego 4 - Seattle 0
BOTTOM OF THE 3RD
Seattle Mariners batting - Pitching for San Diego Padres : LHP Robert Bartos
Batting: LHB Jon Garza 0-0: Ball
1-0: Called Strike
1-1: Ball
2-1: Ball
3-1: Swinging Strike
3-2: Ground out 4-3 (Groundball, 4, EV 85.6 MPH)
Batting: RHB Anton Ortega 0-0: SOLO HOME RUN (Line Drive, 7D, EV 100.0 MPH), Distance : 420 ft
Pitching: RHP Danny Ahlers
Batting: LHB Juan Aranda 0-0: Foul Ball, location: 3FF
0-1: Swinging Strike
0-2: Foul Ball, location: 3FF
0-2: Ball
1-2: Ball
2-2: Strikes out swinging
Batting: RHB Jaime Callahan 0-0: Ball
1-0: Foul Ball, location: 23F
1-1: Ball
2-1: Fly out, F9 (Flyball, 9S, EV 79.4 MPH)
Bottom of the 3rd over - 1 run, 1 hit, 0 errors, 0 left on base; San Diego 4 - Seattle 1
TOP OF THE 4TH
San Diego Padres batting - Pitching for Seattle Mariners : RHP Brad Thomas
Batting: LHB Joel Sherlock 0-0: SINGLE (Groundball, 4D, EV 104.4 MPH)
Batting: RHB Colby Krant 0-0: Ball
1-0: Called Strike
Joel Sherlock is caught stealing 2nd base 2-4
1-1: Ball
2-1: Ball
3-1: Called Strike
3-2: SINGLE (Line Drive, 7S, EV 100.0 MPH)
Pitching: RHP Danny Enriquez
Batting: RHB Avery Thomas 0-0: TRIPLE (Line Drive, 9LD, EV 101.3 MPH)
Colby Krant scores
Batting: RHB Alfredo Beltran 0-0: Ball
1-0: Called Strike
1-1: Ball
2-1: Called Strike
2-2: Ball
3-2: Base on Balls
Batting: RHB Maxwell Judson 0-0: Ball
1-0: Ball
2-0: Called Strike
2-1: Ball
3-1: Foul Ball, location: 5F
3-2: Fly out, F8 (Flyball, 89M, EV 93.8 MPH)
Runner from 3rd tags up, SCORES, throw by CF
Batting: RHB Jose Barillas 0-0: Called Strike
0-1: Swinging Strike
0-2: Ball
1-2: Strikes out swinging
Top of the 4th over - 2 runs, 3 hits, 0 errors, 1 left on base; San Diego 6 - Seattle 1
BOTTOM OF THE 4TH
Seattle Mariners batting - Pitching for San Diego Padres : RHP Danny Ahlers
Batting: SHB John Brownfield 0-0: Foul Ball, location: 2F
0-1: Foul Ball, location: 5FF
0-2: Ball
1-2: SINGLE (Line Drive, 4D, EV 96.9 MPH)
Batting: RHB Ron Stephenson 0-0: Ball
1-0: Fly out, F9 (Flyball, 9S, EV 93.1 MPH)
Batting: RHB Joe Weber 0-0: Called Strike
0-1: Ball
1-1: SINGLE (Groundball, 56D, EV 102.5 MPH)
John Brownfield to second
Batting: RHB Jonathan Becktell 0-0: Called Strike
0-1: Grounds into double play, 6-4-3 (Groundball, 6S, EV 81.3 MPH)
Bottom of the 4th over - 0 runs, 2 hits, 0 errors, 1 left on base; San Diego 6 - Seattle 1
TOP OF THE 5TH
San Diego Padres batting - Pitching for Seattle Mariners : RHP Danny Enriquez
Batting: RHB Chris Santos 0-0: Foul Ball, location: 2F
0-1: Called Strike
0-2: Ball
1-2: Foul Ball, location: 9LDF
1-2: Ball
2-2: Foul Ball, location: 3FF
2-2: Ball
3-2: Base on Balls
Batting: RHB Tony Woody 0-0: Called Strike
0-1: Ball
1-1: SINGLE (Line Drive, 7S, EV 91.9 MPH)
Chris Santos to second
Batting: RHB John Ballard 0-0: Called Strike
0-1: Grounds into double play, 6-4-3 (Groundball, 6, EV 81.3 MPH)
Chris Santos to third
Batting: LHB Joel Sherlock 0-0: Ball
1-0: Ball
2-0: Ball
3-0: Called Strike
3-1: DOUBLE (Flyball, 89D, EV 110.0 MPH)
Chris Santos scores
Batting: RHB Colby Krant 0-0: Called Strike
0-1: Ball
1-1: 2-RUN HOME RUN (Flyball, 89XD, EV 106.9 MPH), Distance : 410 ft
Batting: RHB Avery Thomas 0-0: Called Strike
0-1: Foul Ball, location: 2F
0-2: Foul Ball, location: 9LMF
0-2: SINGLE (Line Drive, 6D, EV 108.1 MPH)
Batting: RHB Alfredo Beltran 0-0: Ball
1-0: Foul Ball, location: 2F
1-1: Ball
2-1: Fielders Choice at 2nd, 5-4 (Groundball, 56, EV 85.0 MPH)
Top of the 5th over - 3 runs, 4 hits, 0 errors, 1 left on base; San Diego 9 - Seattle 1
BOTTOM OF THE 5TH
Seattle Mariners batting - Pitching for San Diego Padres : RHP Danny Ahlers
Batting: RHB Kenny Dahl 0-0: Ground out 4-3 (Groundball, 4, EV 109.4 MPH)
Batting: LHB Jon Garza 0-0: Ball
1-0: Foul Ball, location: 2F
1-1: Foul Ball, location: 2F
1-2: Ball
2-2: Foul Ball, location: 7LMF
2-2: Ball
3-2: Fly out, F8 (Flyball, 89M, EV 94.4 MPH)
Batting: RHB Anton Ortega 0-0: Foul Ball, location: 9LDF
0-1: Foul Ball, location: 2F
0-2: Foul Ball, location: 9LSF
0-2: Strikes out swinging
Bottom of the 5th over - 0 runs, 0 hits, 0 errors, 0 left on base; San Diego 9 - Seattle 1
TOP OF THE 6TH
San Diego Padres batting - Pitching for Seattle Mariners : RHP Danny Enriquez
Batting: RHB Maxwell Judson 0-0: Called Strike
0-1: Ball
1-1: Ball
2-1: Ground out 5-3 (Groundball, 5, EV 83.1 MPH)
Batting: RHB Jose Barillas 0-0: Ball
1-0: Ball
2-0: Called Strike
2-1: Ball
3-1: Base on Balls
Pitching: LHP Jose Rebolloso
Batting: RHB Chris Santos 0-0: Ball
1-0: Ball
2-0: Foul Ball, location: 9LDF
2-1: Fly out, F8 (Flyball, 8LS, EV 95.6 MPH)
Batting: RHB Tony Woody 0-0: Swinging Strike
0-1: Fielders Choice at 2nd, 6-4 (Groundball, 6, EV 88.8 MPH)
Top of the 6th over - 0 runs, 0 hits, 0 errors, 1 left on base; San Diego 9 - Seattle 1
BOTTOM OF THE 6TH
Seattle Mariners batting - Pitching for San Diego Padres : RHP Danny Ahlers
Pitching: RHP George Hulings
Batting: LHB Juan Aranda 0-0: Foul Ball, location: 25F
0-1: Ball
1-1: Fly out, F7 (Flyball, S1, EV 99.4 MPH)
Batting: RHB Jaime Callahan 0-0: DOUBLE (Line Drive, 3D, EV 95.0 MPH)
Batting: SHB John Brownfield 0-0: Foul Ball, location: 3F
0-1: Called Strike
0-2: Ball
1-2: Strikes out swinging
Batting: RHB Ron Stephenson 0-0: Ball
1-0: Ball
2-0: DOUBLE (Flyball, 8LXD, EV 94.4 MPH)
Jaime Callahan scores
Batting: RHB Joe Weber 0-0: Ball
1-0: Ball
2-0: Fly out, F8 (Flyball, 8LD, EV 95.6 MPH)
Bottom of the 6th over - 1 run, 2 hits, 0 errors, 1 left on base; San Diego 9 - Seattle 2
TOP OF THE 7TH
San Diego Padres batting - Pitching for Seattle Mariners : LHP Jose Rebolloso
Batting: RHB John Ballard 0-0: Ball
1-0: Ball
2-0: Ball
3-0: Called Strike
3-1: Called Strike
3-2: Fly out, F6 (Popup, 6S, EV 68.1 MPH)
Pinch Hitting: RHB Bill Carlisle 0-0: Called Strike
0-1: Foul Ball, location: 2F
0-2: DOUBLE (Flyball, 8RXD, EV 103.1 MPH)
Batting: RHB Colby Krant 0-0: Swinging Strike
0-1: Foul Ball, location: 2F
0-2: Ball
1-2: Ball
2-2: Ball
3-2: Foul Ball, location: 2F
3-2: Foul Ball, location: 2F
3-2: Base on Balls
Pitching: RHP Ernie Lydon
Batting: RHB Avery Thomas 0-0: Ball
1-0: SINGLE (Line Drive, 6D, EV 110.0 MPH)
Bill Carlisle to third
Colby Krant to second
Pinch Hitting: RHB Anibal Araldes 0-0: SINGLE (Line Drive, 5D, EV 96.9 MPH)
Bill Carlisle scores
Colby Krant to third
Avery Thomas to second
Pinch Hitting: LHB Eric Schoonover 0-0: Swinging Strike
0-1: Ball
1-1: Foul Ball, location: 5FF
1-2: Ball
2-2: Foul Ball, location: 25F
2-2: Ball
3-2: SINGLE (Line Drive, 6D, EV 101.3 MPH)
Colby Krant scores
Avery Thomas to third
Anibal Araldes to second
Batting: RHB Jose Barillas 0-0: Ball
1-0: Foul Ball, location: 9LMF
1-1: Foul Ball, location: 7LMF
1-2: Strikes out swinging
Batting: RHB Chris Santos 0-0: Ball
1-0: Called Strike
1-1: Fielders Choice at 2nd, 6-4 (Groundball, 6, EV 84.4 MPH)
Top of the 7th over - 2 runs, 4 hits, 0 errors, 3 left on base; San Diego 11 - Seattle 2
BOTTOM OF THE 7TH
Seattle Mariners batting - Pitching for San Diego Padres : RHP George Hulings
Now at 1B: Anibal Araldes
Now at 2B: John Ballard
Now at SS: Bill Carlisle
Now in RF: R.J. Correll
Batting: RHB Jonathan Becktell 0-0: Called Strike
0-1: Fly out, F5 (Line Drive, 56, EV 65.0 MPH)
Pinch Hitting: LHB Omar Perez 0-0: Called Strike
0-1: Ball
1-1: Ground out U3 (Groundball, 34, EV 82.5 MPH)
Batting: LHB Jon Garza 0-0: Ground out U3 (Groundball, 34, EV 106.9 MPH)
Bottom of the 7th over - 0 runs, 0 hits, 0 errors, 0 left on base; San Diego 11 - Seattle 2
TOP OF THE 8TH
San Diego Padres batting - Pitching for Seattle Mariners : RHP Ernie Lydon
Now at 3B: Tim Larsen
Batting: RHB Tony Woody 0-0: SINGLE (Groundball, 6D, EV 108.8 MPH)
Batting: RHB John Ballard 0-0: Ball
1-0: Fly out, F8 (Flyball, 8LM, EV 90.6 MPH)
Batting: RHB Bill Carlisle 0-0: Called Strike
0-1: Ball
1-1: Foul Ball, location: 2F
1-2: Ball
2-2: Ball
3-2: Foul Ball, location: 3F
3-2: Foul Ball, location: 2F
3-2: Grounds into double play, 4-6-3 (Groundball, 4, EV 91.3 MPH)
Top of the 8th over - 0 runs, 1 hit, 0 errors, 0 left on base; San Diego 11 - Seattle 2
BOTTOM OF THE 8TH
Seattle Mariners batting - Pitching for San Diego Padres : RHP George Hulings
Batting: RHB Anton Ortega 0-0: Swinging Strike
0-1: Called Strike
0-2: Ball
1-2: Strikes out swinging
Pitching: LHP Jorge Espino
Batting: LHB Juan Aranda 0-0: Ball
1-0: Foul Ball, location: 25FF
1-1: Swinging Strike
1-2: Ball
2-2: Ball
3-2: Foul Ball, location: 2F
3-2: Ground out 3-1 (Groundball, 34, EV 82.5 MPH)
Batting: RHB Jaime Callahan 0-0: Ball
1-0: Ground out 5-3 (Groundball, 56S, EV 87.5 MPH)
Bottom of the 8th over - 0 runs, 0 hits, 0 errors, 0 left on base; San Diego 11 - Seattle 2
TOP OF THE 9TH
San Diego Padres batting - Pitching for Seattle Mariners : RHP Ernie Lydon
Batting: RHB Colby Krant 0-0: Foul Ball, location: 2F
0-1: Called Strike
0-2: Ball
1-2: Strikes out looking
Batting: RHB Avery Thomas 0-0: Called Strike
0-1: Ball
1-1: Ball
2-1: Ball
3-1: Foul Ball, location: 3SF
3-2: DOUBLE (Line Drive, 7LM, EV 103.1 MPH)
Pitching: RHP Tom Kingman
Batting: RHB Anibal Araldes 0-0: Fly out, F4 (Popup, 34D, EV 60.6 MPH)
Batting: LHB R.J. Correll 0-0: Ball
1-0: Ball
2-0: SINGLE (Line Drive, 8LS, EV 108.8 MPH)
Avery Thomas to third
Runner from 3rd tries for Home, SAFE, throw by CF to home
Batting: RHB Jose Barillas 0-0: Called Strike
0-1: Ball
1-1: SINGLE (Line Drive, 89S, EV 88.1 MPH)
R.J. Correll to second
Batting: RHB Chris Santos 0-0: Foul Ball, location: 2F
0-1: Ball
1-1: Called Strike
1-2: Ball
2-2: Foul Ball, location: 5SF
2-2: Fly out, F8 (Flyball, 8RD, EV 101.3 MPH)
Top of the 9th over - 1 run, 3 hits, 0 errors, 2 left on base; San Diego 12 - Seattle 2
BOTTOM OF THE 9TH
Seattle Mariners batting - Pitching for San Diego Padres : LHP Jorge Espino
Batting: SHB John Brownfield 0-0: Called Strike
0-1: Swinging Strike
0-2: Foul Ball, location: 5F
0-2: Ball
1-2: Ball
2-2: Fly out, F3 (Popup, 34S, EV 70.0 MPH)
Batting: RHB Ron Stephenson 0-0: Fly out, F5 (Flyball, 5D, EV 87.5 MPH)
Batting: RHB Joe Weber 0-0: Ball
1-0: Foul Ball, location: 9LMF
1-1: Foul Ball, location: 2F
1-2: Ground out 5-3 (Groundball, 56S, EV 92.5 MPH)
Bottom of the 9th over - 0 runs, 0 hits, 0 errors, 0 left on base; San Diego 12 - Seattle 2
Thursday, May 2nd , 2024 - OOTP Baseball 24.11 Build 85